 Dungeon Crawl Stone Soup version 0.25.1-2-g60ff931df9 (webtiles) character file.

Game seed: 8607418760798393695

609 Martska the Skirmisher (level 7, -2/78 HPs)
             Began as an Ogre Hunter on Oct 16, 2020.
             Was an Initiate of Trog.
             Slain by a quokka (5 damage)
             ... on level 4 of the Dungeon.
             The game lasted 00:10:40 (5358 turns).

Martska the Skirmisher (Ogre Hunter)                Turns: 5358, Time: 00:10:40

Health: -2/78      AC:  5    Str: 19    XL:     7   Next: 43%
Magic:  7/7        EV: 10    Int: 12    God:    Trog [......]
Gold:   156        SH:  0    Dex:  9    Spells: 6/6 levels left

rFire    . . .     SeeInvis .   c - +0 giant spiked club
rCold    . . .     Gourm    .   (shield currently unavailable)
rNeg     . . .     Faith    .   g - +2 robe {Archmagi}
rPois    .         Spirit   .   (helmet restricted)
rElec    .         Reflect  .   (no cloak)
rCorr    .         Harm     .   (gloves unavailable)
MR       .....                  (boots unavailable)
Stlth    +.........             (no amulet)
HPRegen  0.23/turn              (no ring)
MPRegen  0.10/turn              (no ring)

@: no status effects
A: large, unfitting armour, tough skin 1
a: Renounce Religion


You were on level 4 of the Dungeon.
You worshipped Trog.
Trog was noncommittal.
You were not hungry.

You visited 2 branches of the dungeon, and saw 6 of its levels.

You collected 156 gold pieces.

Inventory:

Hand Weapons
 a - a +0 short sword
 c - a +0 giant spiked club (weapon)
 h - a +0 club
 i - a +0 whip
Armour
 g - a +2 robe of the Archmagi (worn)
 s - a +0 robe
Scrolls
 b - 2 scrolls of blinking {unknown}
 k - 2 scrolls of noise {unknown}
 m - 4 scrolls of identify {unknown}
 o - 3 scrolls of enchant armour {unknown}
 p - a scroll of amnesia {unknown}
 t - 2 scrolls of remove curse {unknown}
Potions
 d - a potion of lignification {unknown}
 e - a potion of might {unknown}
 j - a potion of resistance {unknown}
 l - 3 potions of curing {unknown}
 n - a potion of brilliance {unknown}
 q - a potion of degeneration {unknown}
 r - a potion of haste {unknown}
Comestibles
 f - 2 rations


   Skills:
 * Level 7.1 Fighting
 * Level 4.1 Maces & Flails
 - Level 5.3 Throwing
 - Level 1.7 Dodging
 - Level 0.6 Stealth


You had 6 spell levels left.
You didn't know any spells.
Your spell library was empty.

Dungeon Overview and Level Annotations

Branches:
Dungeon (5/15)             Temple (1/1) D:4

Altars:
Ashenzari
Dithmenos
Elyvilon
Fedhas
Gozag
Hepliaklqana
Makhleb
Nemelex Xobeh
Ru
Sif Muna
Trog
Uskayaw
Vehumet
Xom
Zin

Shops:
D:4 =

Annotations:
D:3 1 transporter, UnDebs's ghost, amateur HuGl


Innate Abilities, Weirdness & Mutations

You are too large for most types of armour.
You have tough skin. (AC +1)


Message History

The giant cockroach bites you but does no damage.
The giant cockroach barely misses you.
You barely miss the giant cockroach.
The giant cockroach closely misses you. x3
You closely miss the giant cockroach. The giant cockroach misses you.
The giant cockroach closely misses you.
You bludgeon the giant cockroach!!
You kill the giant cockroach!
Trog accepts your kill.
The quokka bites you but does no damage. x2
You barely miss the quokka.
You feel yourself speed up.
The quokka barely misses you. x2; The quokka bites you.
* * * LOW HITPOINT WARNING * * *
You miss the quokka. The quokka completely misses you.
The quokka closely misses you.
You hit the quokka but do no damage. The quokka bites you.
* * * LOW HITPOINT WARNING * * *
The quokka twitches its whiskers.
The quokka bites you.
You die...

.# #######....#.∩.# #### .#
#.....#....#⌠.⌠# #... ##
#.....#....#.### ###...
#.....#......# #..... ##
#...).###.#### #..(#( .#
#............# ####..... .#
###.##.##.##.# #......#. .#
##......)##)## #####........ .#
#.......>.r@.# #........####
.#####.###.#.###..###..........#.
....##.###........#........#.....
.##.##.....###.##.#........#...#.
.##.##.....# #....#....#.#.##.#..
........##.###.###.........#.....
###.##........####.....#...#.....
###.##...######..................
..))##...# #.##.#.#####......#


You could see a quokka.

Vanquished Creatures
  A phantom (D:4)
  2 ogres
  A hound (D:2)
  2 orc priests (D:4)
  3 orc wizards (D:4)
  A hound skeleton (D:4)
  A hound zombie (D:3)
  Robin (D:3)
  4 adders
  An adder skeleton (D:4)
  3 worms
  5 dart slugs
  2 leopard geckos
  7 orcs
  4 bats
  5 giant cockroaches
  13 goblins
  8 hobgoblins
  4 quokkas
  A ball python (D:2)
  7 frilled lizards
  7 kobolds
  3 rats
86 creatures vanquished.

Vanquished Creatures (others)
  A goblin (D:3)
1 creature vanquished.

Grand Total: 87 creatures vanquished

Notes
Turn   | Place    | Note
-------+----------+-------------------------------------------
     0 | D:1      | Martska the Ogre Hunter began the quest for the Orb.
     0 | D:1      | Reached XP level 1. HP: 22/22 MP: 1/1
   172 | D:1      | Reached skill level 3 in Fighting
   315 | D:1      | Reached XP level 2. HP: 18/31 MP: 2/2
  1174 | D:2      | Reached XP level 3. HP: 37/37 MP: 3/3
  1329 | D:2      | Reached skill level 1 in Maces & Flails
  1619 | D:2      | Found a burning altar of Makhleb.
  1633 | D:2      | Reached skill level 4 in Fighting
  1633 | D:2      | Reached XP level 4. HP: 27/48 MP: 4/4
  2267 | D:3      | Found a glowing silver altar of Zin.
  2267 | D:3      | Noticed an angel
  2268 | D:3      | Found a shadowy altar of Dithmenos.
  2310 | D:3      | Reached XP level 5. HP: 47/55 MP: 5/5
  2427 | D:3      | Found a transporter.
  2430 | D:3      | Noticed UnDebs's ghost (amateur HuGl)
  2433 | D:3      | Noticed an ogre
  2437 | D:3      | Found a transporter.
  2437 | D:3      | Noticed an ogre
  2499 | D:3      | Killed an ogre
  2499 | D:3      | Reached skill level 5 in Fighting
  2499 | D:3      | Reached skill level 5 in Throwing
  2861 | D:3      | Reached XP level 6. HP: 66/66 MP: 6/6
  3035 | D:3      | Noticed Robin
  3560 | D:3      | Killed Robin
  3680 | D:3      | Found a shimmering altar of Xom.
  3832 | D:4      | Found a shattered altar of Ashenzari.
  3836 | D:4      | Found a hide-covered altar of Uskayaw.
  3838 | D:4      | Found a radiant altar of Vehumet.
  3841 | D:4      | Found a shimmering blue altar of Sif Muna.
  3842 | D:4      | Found a sparkling altar of Nemelex Xobeh.
  3871 | D:4      | Noticed a phantom
  4169 | D:5      | Entered Level 5 of the Dungeon
  4230 | D:4      | Identified the cursed +1 dagger of Impeachment {speed,
                  | Dex+2}
  4241 | D:4      | Reached skill level 6 in Fighting
  4330 | D:4      | Killed a phantom
  4330 | D:4      | Reached XP level 7. HP: 73/76 MP: 7/7
  4400 | D:4      | Found Igun's Jewellery Emporium.
  4972 | D:4      | Found a staircase to the Ecumenical Temple.
  4981 | Temple   | Entered the Ecumenical Temple
  5168 | Temple   | Became a worshipper of Trog the Wrathful
  5341 | D:4      | Reached skill level 7 in Fighting
  5358 | D:4      | HP: 3/78 [quokka (5)]
  5358 | D:4      | Slain by a quokka

Illustrated notes

Levels and vault maps discovered:
D:1:      giann_bridges, layout_basic
D:2:      layout_rooms, makhleb_blood_cavern_becter
D:3:      layout_loops_ring, grunt_temple_overflow_order_and_chaos_1,
          nicolae_dithmenos_shadow_blocks, gammafunk_ghost_smash, first_ration,
          uniq_robin
D:4:      layout_loops_cross, minitemple, temple_hall, serial_shops,
          shop_fountains, hangedman_decor_lopped
D:5:      layout_loops_ring, st_stairs_11, chequers_jeans
Temple:   jpeg_temple_alley_garden

Skill      XL: |  1  2  3  4  5  6  7 |
---------------+----------------------+-----
Fighting       | 3 4 5 6 7 |  7.1
Maces & Flails | 1 2 3 4 |  4.1
Throwing       | 5 |  5.3
Dodging        | |  1.7
Stealth        | |  0.6

Action                   |  1- 3 |  4- 6 |  7- 9 || total
-------------------------+-------+-------+-------++-------
Melee: Short sword       |    56 |       |       ||    56
       Whip              |    85 |    85 |       ||   170
       Giant spiked club |       |   164 |    53 ||   217
Throw: Large rock        |     2 |     6 |       ||     8
       Throwing net      |       |     2 |       ||     2
  Use: Scroll            |       |     2 |       ||     2
 Stab: Distracted        |       |     1 |       ||     1
       Sleeping          |       |       |     1 ||     1
  Eat: Chunk             |     2 |    10 |     1 ||    13
       Ration            |       |       |     1 ||     1
Armor: Robe              |    42 |   107 |    36 ||   185
Dodge: Dodged            |    75 |   184 |    85 ||   344
